 Dungeon Crawl Stone Soup version 0.28.0-43-g3370ac3207 (webtiles) character file.

Game seed: 8657051276591310205

5 sanboga the Shield-Bearer (level 1, -3/14 HPs)
             Began as a Gargoyle Fighter on Mar 16, 2022.
             Slain by a hobgoblin (4 damage)
             ... on level 1 of the Dungeon.
             The game lasted 00:00:29 (31 turns).

sanboga the Shield-Bearer (Gargoyle Fighter)          Turns: 31, Time: 00:00:29

Health: -3/14      AC:  9    Str: 19    XL:     1   Next: 80%
Magic:  1/1        EV:  9    Int:  8    God:
Gold:   0          SH:  4    Dex:  9    Spells: 0/0 levels left

rFire   . . .      SeeInvis .   a - +0 war axe
rCold   . . .      Faith    .   c - +0 buckler
rNeg    + . .      Spirit   .   b - +0 scale mail
rPois   ∞          Reflect  .   (no helmet)
rElec   +          Harm     .   (no cloak)
rCorr   .          Rampage  .   (no gloves)
Will    .....                   (no boots)
Stlth   ..........              (no amulet)
HPRegen 0.04/turn               (no ring)
MPRegen 0.07/turn               (no ring)

@: no status effects
A: sickness immunity, AC +2, negative energy resistance 1, electricity
resistance, torment resistance 1, petrification resistance
a: no special abilities


You were on level 1 of the Dungeon.
You visited 1 branch of the dungeon, and saw 1 of its levels.

Inventory:

Hand Weapons
 a - a +0 war axe (weapon)
Armour
 b - a +0 scale mail (worn)
 c - a +0 buckler (worn)
Potions
 d - a potion of might


   Skills:
 + Level 3.3 Fighting
 * Level 2.0 Axes
 + Level 3.3 Armour
 + Level 3.3 Shields


You couldn't memorise any spells.
You didn't know any spells.
Your spell library was empty.

Dungeon Overview and Level Annotations

Branches:
Dungeon (1/15)

Altars:


Innate Abilities, Weirdness & Mutations

You are immune to sickness and miasma.
Your stone body is resilient. (AC +2)
You are immune to poison.
You resist negative energy. (rN+)
You are resistant to electric shocks. (rElec)
You are resistant to unholy torment.
You are immune to petrification.


Message History

A hobgoblin comes into view.
The kobold barely misses you.
You closely miss the kobold.
The hobgoblin shouts!
The ball python hisses angrily.
You slash the rat!
You kill the rat!
You hit the frilled lizard but do no damage.
The frilled lizard bites you but does no damage.
The jackal closely misses you. The kobold hits you but does no damage.
You closely miss the kobold. You barely miss the jackal.
You hit the frilled lizard.
You kill the frilled lizard!
You block the jackal's attack. You block the kobold's attack.
The jackal closely misses you. The kobold hits you but does no damage.
You miss the kobold. You hit the jackal. The jackal bites you. x2
A jackal comes into view.
The kobold hits you with a +0 short sword.
The jackal bites you but does no damage.
You barely miss the kobold. You slash the ball python!
You kill the ball python!
You hit the jackal.
You kill the jackal!
The kobold hits you with a +0 short sword. x2
You slash the kobold!
You kill the kobold!
You hit the hobgoblin but do no damage. The hobgoblin hits you.
* * * LOW HITPOINT WARNING * * *
Your Axes skill increases to level 2!
You closely miss the hobgoblin.
The hobgoblin hits you but does no damage.
A goblin comes into view. It is wielding a +0 club.
The hobgoblin barely misses you.
You closely miss the hobgoblin. The jackal bites you.
* * * LOW HITPOINT WARNING * * *
The hobgoblin barely misses you. You block the jackal's attack.
You barely miss the jackal. You hit the hobgoblin.
The jackal bites you but does no damage.
The hobgoblin hits you but does no damage.
You block the jackal's attack. The hobgoblin hits you.
You die...

..## #......
#)..... #
#...... .#
+.....g .#
#......###.#
$..........##
......g)>...#
#####h@....#
#......#
#......#
######.# .# #


You could see a jackal, a hobgoblin and a goblin.

Vanquished Creatures
  A ball python (D:1)
  A jackal (D:1)
  A kobold (D:1)
  A frilled lizard (D:1)
  A rat (D:1)
5 creatures vanquished.

Vanquished Creatures (others)
  A withered plant (D:1)
1 creature vanquished.

Grand Total: 6 creatures vanquished

Notes
Turn   | Place    | Note
-------+----------+-------------------------------------------
     0 | D:1      | sanboga the Gargoyle Fighter began the quest for the Orb.
     0 | D:1      | Reached XP level 1. HP: 14/14 MP: 1/1
    31 | D:1      | Slain by a hobgoblin

Illustrated notes

Levels and vault maps discovered:
D:1:      sevenhm_arrival_forest_fort_small_5, layout_basic,
          ebering_ecumenical_altar_petrified, nrook_loot_triangle

Skill      XL: |  1 |
---------------+----+-----
Axes           | 2 |  2.0
Fighting       | |  3.3
Armour         | |  3.3
Shields        | |  3.3

Action                   || total
-------------------------++-------
Melee: War axe           ||     9
Armor: Scale mail        ||     7
Dodge: Dodged            ||     7
Block: Buckler           ||     5
